 Dungeon Crawl Stone Soup version 0.24-a0-235-g3f03afc (webtiles) character file.

Game seed: 4025333243253944873

336 Partyfoot the Shooter (level 6, -1/53 HPs)
             Began as a Hill Orc Hunter on Apr 7, 2019.
             Slain by Natasha (3 damage)
             ... on level 3 of the Dungeon.
             The game lasted 00:11:34 (3642 turns).

Partyfoot the Shooter (Hill Orc Hunter)             Turns: 3642, Time: 00:11:35

Health: -1/53      AC:  5    Str: 16    XL:     6   Next: 54%
Magic:  6/6        EV: 11    Int: 11    God:
Gold:   156        SH:  0    Dex: 12    Spells: 5/5 levels left

rFire    . . .     SeeInvis .   b - +0 short sword
rCold    . . .     Gourm    .   (no shield)
rNeg     . . .     Faith    .   h - +0 ring mail
rPois    .         Spirit   .   (no helmet)
rElec    .         Reflect  .   (no cloak)
rCorr    .         Harm     .   (no gloves)
MR       .....                  (no boots)
Stlth    +.........             (no amulet)
HPRegen  0.17/turn              (no ring)
MPRegen  0.10/turn              (no ring)

@: slowed, very slow
A: no striking features
a: no special abilities


You were on level 3 of the Dungeon.
You were not hungry.

You visited 1 branch of the dungeon, and saw 5 of its levels.

You collected 156 gold pieces.

Inventory:

Hand Weapons
 a - a +1 shortbow
 b - a +0 short sword (weapon)
Missiles
 d - 21 arrows
Armour
 c - a +0 leather armour
 h - a +0 ring mail (worn)
Jewellery
 q - a +3 ring of intelligence {unknown}
 r - a +4 ring of strength {unknown}
Wands
 m - a wand of flame (22)
 n - a wand of polymorph (15)
 p - a wand of iceblast (9)
 u - a wand of scattershot (4)
Scrolls
 g - a scroll of teleportation {unknown}
 i - a scroll of fear {unknown}
 k - 3 scrolls of identify {unknown}
 l - a scroll of random uselessness {unknown}
 o - a scroll of enchant armour {unknown}
 v - a scroll of blinking {unknown}
Potions
 e - a potion of degeneration {unknown}
 j - 2 potions of flight {unknown}
 t - 2 potions of invisibility {unknown}
Comestibles
 f - 10 rations
 s - 3 chunks of flesh


   Skills:
 + Level 4.5 Fighting
 + Level 4.6 Bows
 + Level 3.0 Dodging
 + Level 2.8 Stealth


You had 5 spell levels left.
You didn't know any spells.
Your spell library was empty.

Dungeon Overview and Level Annotations

Branches:
Dungeon (5/15)
 Temple: D:4-7

Altars:
Kikubaaqudgha
Sif Muna
Zin

Annotations:
D:3 Natasha
D:4 1 runed translucent door, Crazy Yiuf, Menkaure


Message History

The white imp barely misses you. The crimson imp misses you.
Natasha stares at you and mumbles some strange words.
You feel yourself slow down.
You closely miss Natasha.
Natasha is severely wounded.
The white imp hits you.
* * * LOW HITPOINT WARNING * * *
The white imp freezes you.
* * * LOW HITPOINT WARNING * * *
The crimson imp barely misses you.
Natasha zaps a wand.
The puff of flame hits you.
* * * LOW HITPOINT WARNING * * *
The white imp closely misses you.
The crimson imp grinds its teeth.
The crimson imp blinks!
You barely miss Natasha.
Natasha is severely wounded.
The crimson imp disappears in a puff of smoke!
Natasha claws you.
You die...

####.######.......#.###..#....#..
#).# #.............#####.#..
#####.## #......................
..###..####.......#............#.
#..###..^..............(.........
##.._#...÷...5§........(.........
#..###>...........#..(.(#####..#.
..##.######.....§..(.##..##...#..
####.# #.(.....@5(.............#
##.# #.#######h....#.........#
#..####.# #..#.............
###.###...# ##..............#
.........## ###.#..###......
.........# ####......##......
.[.......# #.................
.........# ##................#
.........######..###.#...[.......


You could see Natasha, a crimson imp and a white imp.

Vanquished Creatures
  A howler monkey (D:4)
  A hound (D:4)
  Ijyb (D:3)
  Natasha (twice) (D:3)
  A worker ant (D:4)
  6 adders
  An ooze (D:1)
  4 worms
  2 dart slugs
  4 leopard geckos
  5 orcs (D:3)
  A ball python (D:2)
  10 bats
  6 giant cockroaches
  9 goblins
  6 hobgoblins
  10 jackals (D:2)
  4 kobolds
  A quokka (D:2)
  10 frilled lizards
  6 rats
91 creatures vanquished.

Notes
Turn   | Place    | Note
-------+----------+-------------------------------------------
     0 | D:1      | Partyfoot the Hill Orc Hunter began the quest for the Orb.
     0 | D:1      | Reached XP level 1. HP: 18/18 MP: 1/1
   108 | D:1      | Reached skill level 1 in Stealth
   124 | D:1      | Reached XP level 2. HP: 25/25 MP: 2/2
   254 | D:1      | Reached XP level 3. HP: 25/30 MP: 3/3
   827 | D:2      | You fall through a shaft for 2 floors!
   840 | D:4      | Reached XP level 4. HP: 27/38 MP: 4/4
  1053 | D:4      | Found a runed translucent door.
  1054 | D:4      | Noticed Crazy Yiuf
  1069 | D:4      | You fall through a shaft!
  1069 | D:5      | Entered Level 5 of the Dungeon
  1377 | D:4      | Reached XP level 5. HP: 38/46 MP: 5/5
  1740 | D:3      | Noticed Ijyb
  1776 | D:3      | Killed Ijyb
  1787 | D:3      | HP: 2/46 [rat (2)]
  2328 | D:2      | Reached XP level 6. HP: 46/52 MP: 6/6
  3197 | D:3      | Noticed Natasha
  3203 | D:3      | Killed Natasha
  3439 | D:3      | Noticed Natasha
  3443 | D:3      | Killed Natasha
  3567 | D:3      | Found a faded altar of an unknown god.
  3567 | D:3      | Found a deep blue altar of Sif Muna.
  3574 | D:3      | Found a glowing silver altar of Zin.
  3576 | D:3      | Found a faded altar of an unknown god.
  3577 | D:3      | Found an ancient bone altar of Kikubaaqudgha.
  3607 | D:4      | Noticed Menkaure
  3619 | D:3      | Noticed Natasha
  3641 | D:3      | HP: 2/53 [Natasha/wand of flame (12) (2)]
  3642 | D:3      | Slain by Natasha

Levels and vault maps discovered:
D:1:      evilmike_arrival_hilbert_curve, layout_rooms
D:2:      cheibrodos_old_hovel, layout_basic, st_stairs_3
D:3:      layout_rooms, chequers_temple_overflow_minitemple, uniq_ijyb,
          uniq_natasha
D:4:      layout_layer_cave, kennysheep_generic_room_8, uniq_crazy_yiuf_cottage,
          uniq_menkaure, uniq_sigmund
D:5:      layout_gridville, first_ration, uniq_prince_ribbit1

Skill      XL: |  1  2  3  4  5  6 |
---------------+-------------------+-----
Stealth        | 1 2 |  2.8
Dodging        | 2 3 |  3.0
Fighting       | 3 4 |  4.5
Bows           | 4 |  4.6

Action                   |  1- 3 |  4- 6 || total
-------------------------+-------+-------++-------
Melee: Short sword       |   108 |   228 ||   336
 Fire: Shortbow          |    28 |    77 ||   105
 Stab: Sleeping          |       |     2 ||     2
  Eat: Chunk             |       |     9 ||     9
Armor: Ring mail         |    86 |   124 ||   210
Dodge: Dodged            |   107 |   180 ||   287

Table legend:
 A = Non-vault XP
 B = Vault XP
 C = Vault XP percentage of total XP
 D = Non-vault monster count
 E = Vault monster count
 F = Vault count percentage of total count
                 A         B        C        D         E       F
            +---------+---------+-------+---------+---------+-------
      Total |     395 |      86 |  17.9 |      86 |       5 |   5.5
            +---------+---------+-------+---------+---------+-------
        D:1 |      52 |       0 |   0.0 |      27 |       0 |   0.0
        D:2 |      82 |      17 |  17.2 |      32 |       3 |   8.6
        D:3 |      99 |      69 |  41.1 |      19 |       2 |   9.5
        D:4 |     162 |       0 |   0.0 |       8 |       0 |   0.0
            +---------+---------+-------+---------+---------+-------
